cohdb
Replays
Latest Replays
All Replays
Popular Replays
Top Player Replays
Match Explorer
How It Works
Community
CoH3 Stats
Reddit
Sign in to upload your games and track your stats! →
Sign in with Steam
Match 40869736
Unlisted
Match 40869736
Overview
Messages
Build Orders
End
Royal Engineer Section
Selects Canadian Shock Battlegroup
Construct Section Command Post
Dingo Light Scout Car
Infantry Section
Selects Offensive Resupply
Selects Canadian Shock Section
Canadian Shock Section
Construct Platoon Command Post
Unlock M3 Stuart Light Tanks
Selects Incendiary Munitions
Construct Field Infirmary
Royal Engineer Section
Humber Armored Car
M3 Stuart Light Tank
MähnGiL
^3
0
0
Comments
sign in to comment!
No comments posted yet!